 Dungeon Crawl Stone Soup version 0.21-a0-184-g9126a74 (webtiles) character file.

6974 FrankyJ the Zephyrmancer (level 10, -3/73 HPs)
             Began as a Demigod Transmuter on Aug 12, 2017.
             Slain by a death yak (9 damage)
             ... on level 9 of the Dungeon.
             The game lasted 00:33:09 (11458 turns).

FrankyJ the Zephyrmancer (Demigod Transmuter)      Turns: 11458, Time: 00:33:10

Health: -3/73      AC:  8    Str: 20    XL:     10   Next: 52%
Magic:  18/21      EV: 15    Int: 22    God:
Gold:   362        SH:  0    Dex: 21    Spells: 0/19 levels left

rFire    . . .     SeeInvis .     - Unarmed
rCold    . . .     Gourm    .   (shield currently unavailable)
rNeg     . . .     Faith    .   b - +0 robe
rPois    .         Spirit   .   O - +2 helmet {Int+3}
rElec    .         Reflect  .   r - +0 cloak
rCorr    .         Harm     .   (gloves currently unavailable)
MR       +....                  w - +1 pair of boots
Stlth    ++........             (no amulet)
HPRegen  0.22/turn              L - +3 ring of strength
MPRegen  0.17/turn              J - +5 ring of dexterity

@: lethally poisoned (-3 -> -7), blade hands
A: high mp 1
a: End Transformation


You were on level 9 of the Dungeon.
You were very hungry.
You had blades for hands.
You visited 1 branch of the dungeon, and saw 9 of its levels.
You also visited: Sewer.

You collected 543 gold pieces.
You spent 181 gold pieces at shops.

Inventory:

Hand Weapons
 j - a +2 dagger of venom
 B - a +3 whip of flaming
Missiles
 a - 253 arrows
 k - 6 needles of confusion
 R - 32 poisoned needles
Armour
 b - a +0 robe (worn)
 l - a +0 pair of gloves (melded)
 r - a +0 cloak (worn)
 w - a +1 pair of boots (worn)
 y - a +0 leather armour
 O - a +2 helmet of intelligence (worn)
 W - a +2 shield
Jewellery
 p - an uncursed ring of ice
 J - a +5 ring of dexterity (right scythe-like blade)
 K - an uncursed ring of stealth {unknown}
 L - a +3 ring of strength (left scythe-like blade)
 M - a cursed ring of protection from cold {unknown}
Wands
 h - a wand of iceblast (9/15)
 F - a wand of paralysis (12/24)
 G - a wand of disintegration (8/24)
 T - a wand of digging (3/24)
 U - a wand of random effects (28/48)
Scrolls
 e - 10 scrolls of remove curse
 i - 3 scrolls of teleportation
 o - 3 scrolls of fog
 v - 4 scrolls of magic mapping
 x - a scroll of amnesia
 D - 2 scrolls of identify
 I - a scroll of recharging
Potions
 g - 2 potions of might
 m - a potion of invisibility {unknown}
 n - 3 potions of heal wounds
 s - a potion of haste
 t - a potion of ambrosia {unknown}
 u - a potion of berserk rage {unknown}
 z - 2 potions of degeneration {unknown}
 A - 2 potions of magic {unknown}
 E - 2 potions of mutation {unknown}
 H - a potion of resistance {unknown}
 N - a potion of agility {unknown}
Books
 c - a book of Changes

   Spells                             Type                      Level
   a - Beastly Appendage              Transmutation                1
   b - Sticks to Snakes               Transmutation                2
   c - Spider Form                    Transmutation/Poison         3
   d - Ice Form                       Ice/Transmutation            4
   e - Blade Hands                    Transmutation                5
 P - a book of Air

   Spells                             Type                      Level
   a - Shock                          Conjuration/Air              1
   b - Swiftness                      Charms/Air                   2
   c - Static Discharge               Conjuration/Air              3
   d - Airstrike                      Air                          4
   e - Lightning Bolt                 Conjuration/Air              5
 S - a book of Necromancy

   Spells                             Type                      Level
   a - Pain                           Necromancy                   1
   b - Animate Skeleton               Necromancy                   1
   c - Vampiric Draining              Necromancy                   3
   d - Regeneration                   Charms/Necromancy            3
   e - Animate Dead                   Necromancy                   4
   f - Control Undead                 Necromancy                   4
Comestibles
 d - 4 bread rations
 f - a fruit
 q - 6 meat rations
 C - 14 royal jellies
 V - 8 chunks of flesh


   Skills:
 - Level 2.1 Fighting
 - Level 4.1 Dodging
 - Level 3.0 Unarmed Combat
 - Level 5.4 Spellcasting
 + Level 6.1 Conjurations
 - Level 8.0 Transmutations
 - Level 9.0 Air Magic


You couldn't memorise any spells.
You knew the following spells:

 Your Spells              Type           Power        Failure   Level  Hunger
a - Beastly Appendage     Tmut           #####.       11%         1    None
b - Spider Form           Tmut/Pois      ###.......   34%         3    ##.....
c - Blade Hands           Tmut           #####.....   45%         5    #####..
d - Airstrike             Air            #####.....   22%         4    ####...
e - Shock                 Conj/Air       ####         11%         1    None
f - Lightning Bolt        Conj/Air       #####.....   50%         5    #####..


Dungeon Overview and Level Annotations

Branches:
Dungeon (9/15)             Temple (0/1) D:7            Lair (0/6) D:9
    Orc: D:9-12

Shops:
D:6 [   D:8 %


Innate Abilities, Weirdness & Mutations

You have an increased reservoir of magic. (+10% MP)


Message History

The orc wizard gestures wildly while chanting.
The orc wizard flickers and vanishes!
The orc wizard casts a spell.
The orc wizard flickers and vanishes!
You feel sick.
The orc wizard casts a spell.
The orc wizard blinks!
The gnoll cries, "Mercy!"
You feel sick.
The orc wizard casts a spell.
The orc wizard blinks!
You slice the orc wizard!!
You kill the orc wizard!
You feel sick.
You feel sick.
You feel sick.
You feel sick.
The death yak bellows!
The death yak gores you!
You die...

#........# #.......
#........# ##....... #
#........#.##.......
#.#........'.##.......
#.'........####.......
##..(.....# #.......
####'##### ####'###
#Y.# #.# ##@######
#.## #.......# #..#
#....).)########.##
#.......'....#.....
#.'.......####.#.....
#.#.......# #.......
#.#.......# ###..... .
#.......# #..... #
#.g.....# #.....


You could see a death yak.

Vanquished Creatures
  A centaur warrior (D:9)
  A two-headed ogre (D:8)
  An elephant (D:9)
  A hornet (D:7)
  A hippogriff (D:7)
  A hungry ghost (D:7)
  2 orc warriors
  2 black bears
  3 sky beasts
  An ice beast (D:9)
  2 phantoms
  A necrophage (D:8)
  3 ogres
  4 centaurs
  2 crocodiles (D:9)
  13 big kobolds
  2 bullfrogs
  3 scorpions
  A water moccasin skeleton (D:9)
  6 killer bees
  5 wights (D:8)
  2 howler monkeys
  4 crimson imps
  5 hounds
  5 orc priests
  3 jellies (D:8)
  7 orc wizards
  Crazy Yiuf (D:2)
  A bullfrog skeleton (D:5)
  An iguana (D:6)
  Jessica (D:2)
  5 worker ants
  2 hound skeletons
  A howler monkey zombie (D:5)
  2 worker ant zombies
  15 adders
  2 gnolls (D:9)
  A river rat (Sewer)
  2 shadow imps
  9 oozes
  6 worms
  3 dart slugs
  2 leopard geckos
  19 orcs
  8 bats
  8 giant cockroaches
  5 goblins
  11 hobgoblins
  7 jackals
  17 kobolds
  4 quokkas
  2 ball pythons
  A frilled lizard (D:1)
  A giant cockroach zombie (D:6)
  A jackal skeleton (D:4)
  A leopard gecko skeleton (D:4)
  A quokka skeleton (D:9)
  7 rats
229 creatures vanquished.

Notes
Turn   | Place    | Note
-------+----------+-------------------------------------------
     0 | D:1      | FrankyJ the Demigod Transmuter began the quest for the Orb.
     0 | D:1      | Reached XP level 1. HP: 15/15 MP: 5/5
    64 | D:1      | Reached skill level 1 in Fighting
   428 | D:1      | Reached XP level 2. HP: 23/23 MP: 5/7
  1470 | D:2      | Found a glowing silver altar of Zin.
  1474 | D:2      | Reached XP level 3. HP: 24/28 MP: 6/8
  1662 | D:2      | Noticed Jessica
  1671 | D:2      | Learned a level 3 spell: Spider Form
  1679 | D:2      | Killed Jessica
  2012 | D:2      | Found a runed door.
  2017 | D:2      | Noticed Crazy Yiuf
  2022 | D:2      | Killed Crazy Yiuf
  2022 | D:2      | Reached XP level 4. HP: 36/36 MP: 5/9
  2369 | D:3      | Found a glowing drain.
  2378 | Sewer    | Entered a sewer
  2500 | Sewer    | Noticed a big kobold
  2522 | Sewer    | Killed a big kobold
  2522 | Sewer    | Reached XP level 5. HP: 28/41 MP: 4/10
  2743 | Sewer    | Reached skill level 5 in Transmutations
  2743 | Sewer    | Reached XP level 6. HP: 43/48 MP: 8/11
  2765 | Sewer    | Learned a level 5 spell: Blade Hands
  3456 | Sewer    | Reached XP level 7. HP: 48/55 MP: 10/13
  5276 | D:4      | Reached XP level 8. HP: 53/61 MP: 1/16
  5625 | D:5      | Entered Level 5 of the Dungeon
  5730 | D:5      | Found a bloodstained altar of Trog.
  5760 | D:5      | Found a burning altar of Makhleb.
  5760 | D:5      | Found an ancient bone altar of Kikubaaqudgha.
  5761 | D:5      | Found an ornate altar of the Wu Jian Council.
  6100 | D:5      | Found a glowing silver altar of Zin.
  6289 | D:5      | Reached skill level 5 in Spellcasting
  6464 | D:6      | Found Tyan Qio's Armour Emporium.
  6477 | D:6      | Bought a +1 helmet of intelligence for 181 gold pieces
  6509 | D:6      | Learned a level 4 spell: Airstrike
  6660 | D:6      | Found a basalt altar of Yredelemnul.
  6981 | D:6      | Found a white marble altar of Elyvilon.
  6988 | D:6      | Reached skill level 1 in Air Magic
  7055 | D:7      | Reached skill level 2 in Air Magic
  7072 | D:7      | Found a deep blue altar of Sif Muna.
  7149 | D:7      | Noticed a hornet
  7592 | D:7      | Reached skill level 3 in Air Magic
  7635 | D:7      | Learned a level 1 spell: Shock
  7960 | D:7      | Reached skill level 4 in Air Magic
  7960 | D:7      | Reached XP level 9. HP: 67/67 MP: 18/20
  8021 | D:7      | Reached skill level 5 in Air Magic
  8234 | D:7      | Found a staircase to the Ecumenical Temple.
  8361 | D:7      | Reached skill level 6 in Air Magic
  8639 | D:8      | Reached skill level 7 in Air Magic
  8999 | D:8      | Noticed a two-headed ogre
  9052 | D:8      | Killed a two-headed ogre
  9052 | D:8      | Reached skill level 8 in Air Magic
  9052 | D:8      | Reached XP level 10. HP: 35/73 MP: 11/21
  9127 | D:8      | Learned a level 5 spell: Lightning Bolt
  9429 | D:8      | Found Qiroshras's Food Shop.
  9708 | D:9      | Reached skill level 9 in Air Magic
  9771 | D:9      | Found an iron altar of Okawaru.
  9791 | D:9      | Reached skill level 1 in Conjurations
  9793 | D:9      | HP: 3/73 [orc wizard/dagger (1)]
 10322 | D:9      | Noticed a death yak
 10323 | D:9      | Noticed an elephant
 10401 | D:9      | Found a snail-covered altar of Cheibriados.
 10430 | D:9      | Found a staircase to the Lair.
 10448 | D:9      | Killed an elephant
 11246 | D:9      | Noticed a centaur warrior
 11259 | D:9      | Killed a centaur warrior
 11458 | D:9      | Slain by a death yak

Vault maps used:
D:1:      dpeg_arrival_rhombus
D:2:      nicolae_overflow_crystal_walls, uniq_crazy_yiuf_cottage, uniq_jessica
D:3:      portal_sewer_entry_d
D:4:      first_bread, minmay_vboxes
D:5:      chequers_temple_overflow_statue_of_worship, basic_altar,
          kennysheep_decorative_pillar
D:6:      kennysheep_little_box, lemuel_round_altar, serial_shops, shop
D:7:      lemuel_doored_altar, minmay_temple_entry_glass
D:8:      serial_shops, shop, hangedman_little_slice_of_home,
          dk_rats_in_the_wall
D:9:      amethyst_overflow_temple_binary, david_lair_generic
Sewer:    sewer_co_tree

Skill      XL: |  1  2  3  4  5  6  7  8  9 10 |
---------------+-------------------------------+-----
Fighting       | 1 2 |  2.1
Dodging        | 2 4 |  4.1
Spellcasting   | 2 3 5 |  5.4
Unarmed Combat | 3 |  3.0
Transmutations | 2 3 4 5 6 8 |  8.0
Air Magic      | 4 8 9 |  9.0
Conjurations   | 6 |  6.1

Action                   |  1- 3 |  4- 6 |  7- 9 | 10-12 || total
-------------------------+-------+-------+-------+-------++-------
Melee: Unarmed           |   139 |   155 |   342 |   100 ||   736
       Kick              |     6 |       |       |       ||     6
       Headbutt          |     5 |     7 |     2 |       ||    14
       Punch             |     2 |     1 |     1 |     1 ||     5
 Cast: Beastly Appendage |    16 |     3 |     3 |       ||    22
       Spider Form       |     2 |    13 |    10 |       ||    25
       Blade Hands       |       |       |    52 |    17 ||    69
       Airstrike         |       |       |     8 |    10 ||    18
       Shock             |       |       |     5 |       ||     5
 Abil: End Transformatio |       |       |     1 |       ||     1
  Use: Scroll            |     7 |     1 |     6 |     5 ||    19
       Potion            |       |     1 |     1 |     4 ||     6
 Stab: Sleeping          |     1 |       |     5 |       ||     6
       Distracted        |       |       |     2 |       ||     2
  Eat: Chunk             |     4 |     5 |    38 |    11 ||    58
       Fruit             |       |     2 |     2 |     4 ||     8
Armor: Robe              |    42 |     6 |    60 |    23 ||   131
       Skin              |       |     5 |     2 |       ||     7
Dodge: Dodged            |    99 |    82 |   211 |    62 ||   454
